 Dungeon Crawl Stone Soup version 0.15.1-3-g1b33baa (webtiles) character file.

74 Johnny the Chiller (level 3, -1/28 HPs)
             Began as a Demigod Ice Elementalist on Oct 11, 2014.
             Slain by a ball python (2 damage)
             ... in a sewer.
             The game lasted 00:04:44 (1960 turns).

Johnny the Chiller (Demigod Ice Elementalist)       Turns: 1960, Time: 00:04:44

HP  -1/28        AC  7     Str 11      XL: 3   Next: 86%
MP   5/8         EV  9     Int 20      God:
Gold 42          SH  0     Dex 17      Spells:  1 memorised,  5 levels left

rFire  . . .     SeeInvis .     h - +0 short sword
rCold  . . .     Clarity  .     k - +0 ring mail
rNeg   . . .     rCorr    .     (no shield)
rPois  +         rRot     .     (no helmet)
rElec  .         Spirit   .     t - +0 cloak
SustAb .         Warding  .     l - +0 pair of gloves
rMut   .         Stasis   .     (no boots)
Gourm  .                        (no amulet)
MR     .....                    (no ring)
                                o - ring of poison resistance

@: mesmerised, very slightly contaminated, constricted, not resistant to hostile
enchantments, unstealthy
A: no striking features
a: no special abilities


You were in a sewer.
You were not hungry.

You visited 1 branch of the dungeon, and saw 3 of its levels.
You also visited: Sewer.

You collected 42 gold pieces.

Inventory:

Hand weapons
 h - a +0 short sword (weapon)
Armour
 a - a +0 robe
 k - a +0 ring mail (worn)
 l - a +0 pair of gloves (worn)
 t - a +0 cloak (worn)
Comestibles
 c - a bread ration
 d - a meat ration
 f - 3 fruits
 j - 2 beef jerkies
Scrolls
 e - a scroll of remove curse
 i - a scroll of identify
 n - a scroll of recharging
 p - 2 scrolls of blinking {unknown}
Jewellery
 o - a ring of poison resistance (left hand)
Potions
 g - 2 potions of curing {unknown}
 m - a potion of might {unknown}
 q - a potion of poison {unknown}
 r - a potion of heal wounds
 s - a potion of restore abilities {unknown}
Books
 b - a book of Frost

   Spells                             Type                      Level
   *Freeze                            Ice                          1
   Throw Frost                        Conjuration/Ice              2
   Ozocubu's Armour                   Charms/Ice                   3
   Throw Icicle                       Conjuration/Ice              4
   Summon Ice Beast                   Ice/Summoning                4
   Condensation Shield                Ice                          4


   Skills:
 * Level 1.4 Fighting
 + Level 0.8 Armour
 + Level 2.1 Dodging
 + Level 2.1 Stealth
 * Level 2.3 Spellcasting
   Level 0.8 Conjurations
 * Level 3.1 Ice Magic


You had 5 spell levels left.
You knew the following spells:

 Your Spells              Type           Power        Failure   Level  Hunger
a - Freeze                Ice            ##..         10%         1    #......


Dungeon Overview and Level Annotations

Branches:
Dungeon (3/15)


Message History

As you read the scroll labeled PHYUTR SHYSIDD, it crumbles to dust.
It is a scroll of identify.
Identify which item? (\ to view known items) (? for menu, Esc to quit)
r - a potion of heal wounds The ball python bites you but does no damage.
The ball python constricts you.
The giant mite bites you but does no damage.
The malarious mermaid hits you from afar with a spear!
* * * LOW HITPOINT WARNING * * *
The ball python bites you but does no damage.
* * * LOW HITPOINT WARNING * * *
The ball python constricts you.
Read which item? (? for menu, Esc to quit)
As you read the scroll labeled LAHIGI PULAASU, it crumbles to dust.
It is a scroll of recharging.
You aren't carrying any rechargeable items.
The giant mite completely misses you.
The malarious mermaid barely misses you.
The ball python bites you.
You die...

##.≈≈≈###
.%≈≈≈≈∩∩#
#########
≈≈≈≈≈≈##########
.≈≈≈≈≈≈≈≈≈≈≈≈≈≈# $
############≈≈≈###
.. #.#≈≈≈###≈###
#.##≈≈Sr≈≈≈≈≈#
#..%.@smrr≈≈≈#
#######S..≈≈≈#
...≈≈ #... ##


You could see a malarious mermaid, a giant mite, 2 ball pythons and 3 rats.

Vanquished Creatures
  An adder (D:2)
  A green rat (Sewer)
  A worm (D:2)
  3 ball pythons
  3 giant cockroaches
  7 hobgoblins
  2 jackals (D:2)
  3 kobolds
  2 quokkas (D:2)
  2 bats (D:2)
  3 giant geckos
  4 giant newts
  5 goblins
  13 rats
50 creatures vanquished.

Notes
Turn   | Place    | Note
--------------------------------------------------------------
     0 | D:1      | Johnny, the Demigod Ice Elementalist, began the quest for the Orb.
     0 | D:1      | Reached XP level 1. HP: 14/14 MP: 3/3
   815 | D:1      | Reached XP level 2. HP: 20/20 MP: 3/5
   993 | D:2      | Reached skill level 1 in Fighting
  1016 | D:2      | Reached XP level 3. HP: 21/28 MP: 4/8
  1696 | D:3      | Reached skill level 3 in Ice Magic
  1698 | D:3      | Noticed a centaur
  1700 | D:3      | Found a glowing drain.
  1711 | Sewer    | Entered a sewer
  1959 | Sewer    | HP: 1/28 [ball python (1)]
  1960 | Sewer    | Slain by a ball python

Action                   || total
-------------------------++-------
Melee: Short sword       ||    46
       Unarmed           ||     3
 Cast: Freeze            ||    64
  Use: Scroll            ||     3
 Stab: Sleeping          ||     2
  Eat: Chunk             ||     4
